 Dungeon Crawl Stone Soup version 0.31-a0-210-gccc998df9b (webtiles) character file.

Game seed: 11942947079407951401

3522 qw the Cleaver (level 10, -2/61 HPs)
             Began as a Gargoyle Fighter on June 29, 2023.
             Was a Believer of Okawaru.
             Slain by an orc priest
             ... wielding a +0 flail
              (6 damage)
             ... while paralysed by an orc priest
             ... on level 8 of the Dungeon.
             The game lasted 00:03:44 (6311 turns).

qw the Cleaver (Gargoyle Fighter)                   Turns: 6311, Time: 00:03:44

Health: -2/61      AC: 30    Str: 24    XL:     10   Next: 8%
Magic:  11/13      EV:  2    Int:  9    God:    Okawaru [**....]
Gold:   380        SH:  0    Dex:  9    Spells: 9/9 levels left

rFire   . . .        Y - +1 war axe (protect)
rCold   . . .        u - +0 kite shield
rNeg    + + .        s - +0 chain mail
rPois   inf          n - +0 helmet
rElec   +            b - +0 cloak
rCorr   .            (no gloves)
SInv    .            o - +0 pair of boots
Will    .....        m - amulet of faith Stlth
                     i - ring of positive energy
HPRegen 0.30/turn    (no ring)
MPRegen 0.13/turn

%: faith
@: paralysed, heroic, under a protective aura
A: sickness immunity, AC +7, negative energy resistance 1, electricity
resistance, torment resistance 1, petrification resistance
a: Renounce Religion, Heroism


You were on level 8 of the Dungeon.
You worshipped Okawaru.
Okawaru was pleased with you.
You visited 2 branches of the dungeon, and saw 10 of its levels.

You collected 488 gold pieces.
You spent 108 gold pieces at shops.


Innate Abilities, Weirdness & Mutations

You are immune to sickness and miasma.
Your stone body is resilient. (AC +7)
You are immune to poison.
You resist negative energy. (rN+)
You are resistant to electric shocks. (rElec)
You are resistant to unholy torment.
You are immune to petrification.


   Skills:
 + Level 6.4(11.4) Fighting
 - Level 9.0(14.0) Axes
 - Level 1.1(6.1) Throwing
 - Level 5.2(10.2) Armour
 - Level 1.3(6.3) Dodging
 - Level 8.0(13.0) Shields
 - Level 4.1 Invocations


You had 9 spell levels left.
You didn't know any spells.
Your spell library was empty.

Inventory:

Hand Weapons
 l - a +0 morningstar
 Y - a +1 war axe of protection (weapon)
Missiles
 p - 3 boomerangs (quivered)
Armour
 b - a +0 cloak (worn)
 n - a +0 helmet (worn)
 o - a +0 pair of boots (worn)
 s - a +0 chain mail (worn)
 u - a +0 kite shield (worn)
Jewellery
 i - a ring of positive energy (left hand)
 k - an amulet of regeneration
 m - an amulet of faith (around neck)
Scrolls
 h - a scroll of identify
Potions
 d - 2 potions of might
 e - 2 potions of enlightenment
 f - a potion of resistance
 g - 13 potions of curing
 j - a potion of mutation {unknown}
 r - a potion of magic
 w - 2 potions of cancellation

Dungeon Overview and Level Annotations

Branches:
Dungeon (9/15)             Temple (1/1) D:6
   Lair: D:8-11         Orc: D:9-12

Altars:
Ashenzari
Elyvilon
Gozag
Kikubaaqudgha
Nemelex Xobeh
Okawaru
Qazlal
Ru
Trog
Wu Jian
Xom
Yredelemnul
Zin
The Shining One

Shops:
D:1 [   D:3 [

Annotations:
D:3 2 transporters, qw's ghost, amateur DEHu


Message History

You barely miss the kobold. The kobold barely misses you.
A kobold brigand comes into view.
It is wielding a +0 club and quivering poisoned darts.
You slash the kobold!
You kill the kobold!
Okawaru accepts your kill.
You barely miss the kobold.
The kobold brigand throws a poisoned dart.
The poisoned dart hits you! The kobold barely misses you.
You barely miss the orc priest. You hit the kobold.
The kobold hits you but does no damage.
The orc priest invokes the aid of Beogh against you.
Beogh smites you!
6306 ||| INVOKING Heroism.
You gain the combat prowess of a mighty hero.
The orc priest zaps a wand.
You easily resist.
The orc priest mumbles some strange prayers to Beogh against you.
Beogh smites you! The kobold barely misses you.
You slash the kobold!
You kill the kobold!
You hit the orc priest. x2
The orc priest zaps a wand.
You easily resist.
The orc priest invokes the aid of Beogh against you.
Beogh smites you!
You slash the orc priest!
The orc priest is almost dead.
You hit the orc priest.
The orc priest calls down the wrath of Beogh upon you.
Beogh smites you! You block the orc priest's attack.
You closely miss the orc priest.
The orc priest is almost dead.
You closely miss the orc priest.
The orc priest zaps a wand.
You suddenly lose the ability to move!
The orc priest hits you but does no damage.
The orc priest looks encouraged for a moment.
The orc priest hits you but does no damage.
A kobold comes into view. It is wielding a +0 dagger.
The kobold brigand hits you but does no damage.
The orc priest hits you with a +0 flail.
You die...

#.....###.............
.#..# #..####........
...# #.#####........
.#####..............
.......##..........
##.... #...........
##....# ####...%....
#..oK.# #........
#K@.# ##........
#KKo#)######.........
#.K##.)......##......
..KK....########.#.#.(
#....##.## #...P(...
K.... #.. #...P...P
..>. ##. #.....P.P
.... . #.P..#..
#######...###P.


You could see 2 kobold brigands, 2 orc priests and 6 kobolds.

Vanquished Creatures
  Joseph (D:8)
  Grinder (D:5)
  A steam dragon (D:8)
  Menkaure (D:7)
  A water moccasin (D:8)
  An ice beast (D:5)
  3 black bears
  A sky beast (D:8)
  2 ogres (D:4)
  A wolf (D:9)
  2 phantoms
  2 bullfrogs (D:8)
  A necrophage (D:7)
  3 scorpions
  6 wights
  6 killer bees (D:8)
  3 centaur zombies (D:7)
  2 jellies
  2 hounds (D:5)
  A human zombie (D:7)
  2 orc priests
  4 sleepcaps
  2 iguanas
  4 orc wizards
  A killer bee zombie (D:7)
  A mummy (D:7)
  2 howler monkey zombies (D:7)
  6 adders
  6 gnolls
  A shadow imp (D:6)
  3 ufetubi
  3 worms
  5 dart slugs
  25 orcs
  9 ball pythons
  9 bats
  5 endoplasms
  3 giant cockroaches (D:2)
  8 goblins
  6 hobgoblins
  14 kobolds
  2 quokkas
  7 frilled lizards
  6 rats
  A spectral weapon (D:8)
176 creatures vanquished.

Notes
Turn   | Place    | Note
-------+----------+-------------------------------------------
     0 | D:1      | qw the Gargoyle Fighter began the quest for the Orb.
     0 | D:1      | Reached XP level 1. HP: 14/14 MP: 1/1
     0 | D:1      | 0 ||| qw: Version: 0.3-a-24-g62f9e04
     0 | D:1      | 0 ||| qw: Game counter: 6658
     0 | D:1      | 0 ||| qw: Melee chars always use a shield: true
     0 | D:1      | 0 ||| qw: God list: Okawaru
     0 | D:1      | 0 ||| qw: Allow faded altars: false
     0 | D:1      | 0 ||| qw: Do Orc after clearing Dungeon:15 true
     0 | D:1      | 0 ||| qw: Do second Lair branch before Depths: true
     0 | D:1      | 0 ||| qw: Lair rune preference: random
     0 | D:1      | 0 ||| qw: Goals: Normal, Zot:1-4, Slime:5, God:TSO, Crypt,
                  | Tomb, Abyss, Pan, Hells, Win
     0 | D:1      | 0 ||| PLANNING D:1-11
    82 | D:1      | Reached skill level 2 in Axes
   149 | D:1      | Reached XP level 2. HP: 19/19 MP: 2/2
   171 | D:1      | 171 ||| DROPPING +0 club.
   179 | D:1      | 179 ||| Stepping ~*~*~tactically~*~*~ (stealth).
   374 | D:1      | 374 ||| Stepping ~*~*~tactically~*~*~ (stealth).
   497 | D:1      | Found Jeshrong's Armour Emporium.
   500 | D:1      | 500 ||| SHOPLISTING +0 fire dragon scales (780 gold, have
                  | 14).
   500 | D:1      | 500 ||| SHOPLISTING +0 plate armour of fire resistance (390
                  | gold, have 14).
   500 | D:1      | 500 ||| SHOPLISTING +2 pair of boots of flying (279 gold,
                  | have 14).
   593 | D:1      | Reached skill level 3 in Axes
   687 | D:1      | Reached XP level 3. HP: 17/23 MP: 3/3
   814 | D:1      | 814 ||| Stepping ~*~*~tactically~*~*~ (hiding).
   828 | D:1      | 828 ||| Stepping ~*~*~tactically~*~*~ (stealth).
   829 | D:1      | 829 ||| Stepping ~*~*~tactically~*~*~ (stealth).
  1007 | D:1      | 1007 ||| UPGRADING to amulet of regeneration.
  1012 | D:1      | 1012 ||| UPGRADING to ring of positive energy.
  1013 | D:1      | 1013 ||| READING 2 scrolls labelled OZIANUNUIM.
  1014 | D:1      | 1014 ||| READING 2 scrolls labelled ELADIFO QOFEESCH.
  1015 | D:1      | 1015 ||| DRINKING 4 orange potions.
  1016 | D:1      | 1016 ||| DROPPING scroll of revelation.
  1095 | D:2      | Noticed a scorpion
  1112 | D:2      | Killed a scorpion
  1113 | D:2      | Reached skill level 4 in Axes
  1113 | D:2      | Reached XP level 4. HP: 25/28 MP: 4/4
  1158 | D:2      | Reached XP level 5. HP: 22/32 MP: 5/5
  1225 | D:2      | 1225 ||| Stepping ~*~*~tactically~*~*~ (hiding).
  1246 | D:2      | Reached skill level 5 in Axes
  1549 | D:2      | 1549 ||| DROPPING +0 whip.
  1736 | D:2      | 1736 ||| READING scroll labelled HUQIACVY GOQU.
  1742 | D:2      | 1742 ||| READING scroll labelled TERUULARGHA.
  1894 | D:3      | Reached XP level 6. HP: 38/38 MP: 6/6
  2007 | D:3      | Found a transporter.
  2007 | D:3      | Noticed qw's ghost (amateur DEHu)
  2008 | D:3      | Found a transporter.
  2054 | D:3      | 2054 ||| Stepping ~*~*~tactically~*~*~ (hiding).
  2067 | D:3      | Reached skill level 1 in Dodging
  2199 | D:3      | Found Civuecwu's Armour Shop.
  2207 | D:3      | 2207 ||| SHOPLISTING +0 fire dragon scales (720 gold, have
                  | 136).
  2207 | D:3      | 2207 ||| BUYING +0 helmet (54 gold).
  2207 | D:3      | Bought a +0 helmet for 54 gold pieces
  2207 | D:3      | 2207 ||| BUYING +0 pair of boots (54 gold).
  2207 | D:3      | Bought a +0 pair of boots for 54 gold pieces
  2207 | D:3      | 2207 ||| SHOPLISTING +3 chain mail of willpower (318 gold,
                  | have 28).
  2207 | D:3      | 2207 ||| SHOPLISTING +3 ring mail of positive energy (276
                  | gold, have 28).
  2344 | D:3      | 2344 ||| UPGRADING to +0 helmet.
  2349 | D:3      | 2349 ||| UPGRADING to +0 pair of boots.
  2354 | D:3      | 2354 ||| READING scroll labelled TORARH TEVIHE.
  2355 | D:3      | 2355 ||| DROPPING +0 mace.
  2408 | D:4      | 2408 ||| Stepping ~*~*~tactically~*~*~ (stealth).
  2637 | D:4      | 2637 ||| READING scroll of brand weapon.
  2637 | D:4      | 2637 ||| BRANDING +0 war axe of flaming.
  2693 | D:4      | Reached skill level 6 in Axes
  2693 | D:4      | Reached XP level 7. HP: 43/43 MP: 7/7
  2771 | D:4      | 2771 ||| Stepping ~*~*~tactically~*~*~ (stealth).
  2833 | D:4      | Reached skill level 7 in Axes
  3088 | D:4      | 3088 ||| UPGRADING to +0 kite shield.
  3098 | D:4      | 3098 ||| DROPPING +0 buckler.
  3099 | D:4      | 3099 ||| UPGRADING to amulet of faith.
  3109 | D:4      | 3109 ||| READING scroll labelled OMEPIPLIALI.
  3109 | D:4      | Identified a scroll of acquirement
  3109 | D:4      | 3109 ||| ACQUIRING scarf "Laulauwk" {repulsion, Harm
                  | Rampage rElec Int-5}
  3109 | D:4      | Acquired the scarf "Laulauwk" {repulsion, Harm Rampage
                  | rElec Int-5}
  3111 | D:4      | 3111 ||| READING scroll labelled QUD QAEHIMIAG.
  3112 | D:4      | 3112 ||| READING scroll labelled SICHEZX KUTS.
  3113 | D:4      | 3113 ||| DRINKING 2 fizzy orange potions.
  3114 | D:4      | 3114 ||| DRINKING 2 green potions.
  3115 | D:4      | 3115 ||| READING 2 scrolls of identify.
  3115 | D:4      | 3115 ||| IDENTIFYING white potion
  3116 | D:4      | 3116 ||| DROPPING potion of invisibility.
  3117 | D:4      | 3117 ||| DROPPING potion of degeneration.
  3140 | D:5      | Entered Level 5 of the Dungeon
  3251 | D:5      | Noticed Grinder
  3257 | D:5      | Paralysed by Grinder for 4 turns
  3265 | D:5      | Reached XP level 8. HP: 34/48 MP: 8/8
  3273 | D:5      | 3273 ||| Stepping ~*~*~tactically~*~*~ (hiding).
  3274 | D:5      | 3274 ||| Stepping ~*~*~tactically~*~*~ (hiding).
  3284 | D:5      | Paralysed by Grinder for 3 turns
  3287 | D:5      | Killed Grinder
  3288 | D:5      | Reached skill level 6 in Shields
  3377 | D:5      | 3377 ||| Stepping ~*~*~tactically~*~*~ (stealth).
  3794 | D:5      | 3794 ||| DROPPING +0 club.
  3892 | D:5      | 3892 ||| READING scroll labelled JUOXID ZOQICEPS.
  3893 | D:5      | 3893 ||| READING scroll labelled QAMAAK YCIOLURPH.
  3894 | D:5      | 3894 ||| READING scroll labelled VOWYNU ICHOSIU.
  3895 | D:5      | 3895 ||| DRINKING 3 glowing orange potions.
  4000 | D:5      | 4000 ||| READING 2 scrolls of identify.
  4000 | D:5      | 4000 ||| IDENTIFYING emerald potion
  4001 | D:5      | 4001 ||| DROPPING 2 potions of berserk rage.
  4042 | D:6      | Found a staircase to the Ecumenical Temple.
  4043 | D:6      | 4043 ||| PLANNING TEMPLE
  4043 | D:6      | 4043 ||| READING 2 scrolls of identify.
  4043 | D:6      | 4043 ||| IDENTIFYING fuming cyan potion
  4044 | D:6      | 4044 ||| DROPPING potion of brilliance.
  4062 | Temple   | Entered the Ecumenical Temple
  4076 | Temple   | 4076 ||| PLANNING OKAWARU WORSHIP
  4113 | Temple   | Became a worshipper of Warmaster Okawaru
  4114 | Temple   | 4114 ||| PLANNING D:1-11
  4227 | D:6      | 4227 ||| Stepping ~*~*~tactically~*~*~ (hiding).
  4346 | D:6      | 4346 ||| Stepping ~*~*~tactically~*~*~ (hiding).
  4353 | D:6      | Reached skill level 1 in Throwing
  4367 | D:6      | 4367 ||| Stepping ~*~*~tactically~*~*~ (stealth).
  4368 | D:6      | 4368 ||| Stepping ~*~*~tactically~*~*~ (stealth).
  4432 | D:6      | 4432 ||| Stepping ~*~*~tactically~*~*~ (stealth).
  4602 | D:6      | 4602 ||| Stepping ~*~*~tactically~*~*~ (stealth).
  4604 | D:6      | 4604 ||| Stepping ~*~*~tactically~*~*~ (stealth).
  4634 | D:6      | Found a bloodstained altar of Trog.
  4925 | D:6      | 4925 ||| DROPPING scarf of shadows.
  4926 | D:6      | 4926 ||| UPGRADING to +0 chain mail.
  4936 | D:6      | 4936 ||| DROPPING +0 scale mail.
  4937 | D:6      | 4937 ||| READING scroll labelled EMIRORH WOIXTA.
  4938 | D:6      | 4938 ||| READING scroll labelled NAENUARAGYN.
  4939 | D:6      | 4939 ||| READING scroll labelled JEUTUQ EHISIEN.
  5045 | D:7      | Noticed Menkaure
  5046 | D:7      | 5046 ||| Stepping ~*~*~tactically~*~*~ (hiding).
  5054 | D:7      | Killed Menkaure
  5212 | D:7      | 5212 ||| Stepping ~*~*~tactically~*~*~ (stealth).
  5233 | D:7      | Reached skill level 8 in Axes
  5233 | D:7      | Reached XP level 9. HP: 38/54 MP: 9/9
  5332 | D:7      | 5332 ||| DROPPING +0 whip.
  5349 | D:7      | 5349 ||| Stepping ~*~*~tactically~*~*~ (stealth).
  5352 | D:7      | 5352 ||| Stepping ~*~*~tactically~*~*~ (stealth).
  5698 | D:7      | Found a basalt altar of Yredelemnul.
  5719 | D:7      | Reached * piety under Okawaru
  5767 | D:7      | Reached skill level 1 in Invocations
  5769 | D:7      | 5769 ||| DROPPING +0 flail.
  5845 | D:7      | Reached skill level 6 in Fighting
  5861 | D:7      | 5861 ||| UPGRADING to +0 cloak.
  5866 | D:7      | 5866 ||| DROPPING scarf "Laulauwk" {repulsion, Harm Rampage
                  | rElec Int-5}.
  5867 | D:7      | 5867 ||| DRINKING 3 brown potions.
  5913 | D:8      | 5913 ||| STAIRDANCE
  5931 | D:8      | Found an ancient bone altar of Kikubaaqudgha.
  5932 | D:8      | You fall into a shaft and drop 1 floor!
  5941 | D:9      | 5941 ||| Stepping ~*~*~tactically~*~*~ (hiding).
  5967 | D:9      | Reached skill level 3 in Invocations
  6014 | D:8      | Noticed Joseph
  6022 | D:8      | 6022 ||| INVOKING Heroism.
  6036 | D:8      | Killed Joseph
  6082 | D:8      | 6082 ||| INVOKING Heroism.
  6092 | D:8      | Reached ** piety under Okawaru
  6106 | D:8      | 6106 ||| INVOKING Heroism.
  6110 | D:8      | Reached skill level 9 in Axes
  6225 | D:8      | 6225 ||| INVOKING Heroism.
  6231 | D:8      | Reached XP level 10. HP: 49/60 MP: 10/13
  6231 | D:8      | 6231 ||| Stepping ~*~*~tactically~*~*~ (cloud).
  6279 | D:8      | 6279 ||| Stepping ~*~*~tactically~*~*~ (stealth).
  6292 | D:8      | 6292 ||| Stepping ~*~*~tactically~*~*~ (hiding).
  6306 | D:8      | 6306 ||| INVOKING Heroism.
  6307 | D:8      | HP: 13/61 [orc priest/divine providence (11)]
  6308 | D:8      | HP: 3/61 [orc priest/divine providence (11)]
  6309 | D:8      | Paralysed by an orc priest for 3 turns
  6311 | D:8      | Slain by an orc priest

Levels and vault maps discovered:
D:1:      minmay_arrival_open_corners, layout_basic, serial_shops,
          nicolae_shop_real_fake_doors
D:2:      layout_basic, minmay_pentomino_t4
D:3:      layout_loops_ring, serial_shops, shop, gammafunk_ghost_arena,
          chequers_serial_rivers_micro_b
D:4:      layout_basic, minmay_starry_boxes
D:5:      layout_gridville, uniq_grinder
D:6:      layout_loops_ring, mainiacjoe_overflow_surrounded_room,
          minmay_temple_entry_mini_moons
D:7:      layout_basic, lemuel_mausoleum_altar_yredelemnul, uniq_menkaure
D:8:      layout_rooms, kiku_gazebo_garden_becter, grunt_temple_overflow_open,
          mainiacjoe_overflow_chevrons, uniq_joseph
D:9:      cheibrodos_fzero, layout_rooms, due_lair_maze_entry_diamond,
          serial_undead, serial_undead_d, serial_undead_a, serial_undead_a,
          serial_undead_b, serial_shops, shop, uniq_grum
Temple:   nicolae_temple_ecumenical_triangle

Skill      XL: |  1  2  3  4  5  6  7  8  9 10 |
---------------+-------------------------------+-----
Axes           | 2 3 4 5 6 7 8 9 |  9.0
Fighting       | 4 5 6 |  6.4
Dodging        | 1 |  1.3
Shields        | 4 7 8 |  8.0
Throwing       | 1 |  1.1
Armour         | 4 5 |  5.2
Invocations    | 4 |  4.1

Action                     |  1- 3 |  4- 6 |  7- 9 | 10-12 || total
---------------------------+-------+-------+-------+-------++-------
  Melee: War axe           |    97 |   165 |   360 |    21 ||   643
  Throw: Boomerang         |       |       |    29 |    10 ||    39
 Invoke: Heroism           |       |       |     4 |     1 ||     5
    Use: Scroll            |     2 |     4 |    12 |       ||    18
         Potion            |     1 |       |     4 |       ||     5
 Armour: Scale mail        |    43 |    81 |    95 |       ||   219
         Chain mail        |       |       |   157 |    10 ||   167
  Dodge: Dodged            |    43 |    73 |   117 |     6 ||   239
  Block: Buckler           |    17 |    29 |     3 |       ||    49
         Kite shield       |       |       |   179 |     5 ||   184

Table legend:
 A = Non-vault XP
 B = Vault XP
 C = Vault XP percentage of total XP
 D = Non-vault monster count
 E = Vault monster count
 F = Vault count percentage of total count
                 A         B        C        D         E       F
            +---------+---------+-------+---------+---------+-------
      Total |    3261 |    1771 |  35.2 |     149 |      26 |  14.9
            +---------+---------+-------+---------+---------+-------
        D:1 |      44 |       0 |   0.0 |      25 |       0 |   0.0
        D:2 |     197 |      41 |  17.2 |      22 |       4 |  15.4
        D:3 |      96 |       0 |   0.0 |      22 |       0 |   0.0
        D:4 |     437 |     176 |  28.7 |      17 |       6 |  26.1
        D:5 |     614 |     277 |  31.1 |      18 |       1 |   5.3
        D:6 |     276 |       0 |   0.0 |      12 |       0 |   0.0
        D:7 |     295 |     727 |  71.1 |       9 |      13 |  59.1
        D:8 |    1300 |     439 |  25.2 |      23 |       1 |   4.2
        D:9 |       2 |     111 |  98.2 |       1 |       1 |  50.0
            +---------+---------+-------+---------+---------+-------
